 Dungeon Crawl Stone Soup version 0.31-b1-22-gc680215f68 (webtiles) character file.

Game seed: 959530754388300918

2419 thiscave3701365 the Grappler (level 9, 0/84 HPs)
             Began as a Troll Berserker on Jan 18, 2024.
             Was an Elder of Trog.
             Succumbed to a killer bee's poison
             ... on level 6 of the Dungeon.
             The game lasted 00:16:12 (4507 turns).

thiscave3701365 the Grappler (Troll Berserker)      Turns: 4507, Time: 00:16:13

Health: 0/84       AC:  7    Str: 31    XL:     9   Next: 24%
Magic:  8/8        EV: 10    Int:  9    God:    Trog [****..]
Gold:   402        SH:  0    Dex:  9    Spells: 8/8 levels left

rFire   . .          .
                       - Unarmed
rCold   . . .        (no shield)
rNeg    . . .        q - +2 troll leather armour {Pargi}
rPois   .            (helmet restricted)
rElec   .            y - scarf {shadows}
rCorr   .            (gloves unavailable)
SInv    .            (boots unavailable)
Will    +....        (no amulet)
Stlth   +            c - +6 ring of intelligence
HPRegen 1.94/turn    e - ring of willpower
MPRegen 0.11/turn

%: no passive effects
@: lethally poisoned (0 -> -1), on berserk cooldown, slowed, very slow
A: large, unfitting armour, claws 3, regeneration 1, shaggy fur 1, tough skin 1
a: Renounce Religion, Berserk, Trog's Hand, Brothers in Arms


You were on level 6 of the Dungeon.
You worshipped Trog.
Trog was greatly pleased with you.
You visited 1 branch of the dungeon, and saw 7 of its levels.
You also visited: Sewer.

You collected 402 gold pieces.

Inventory:

Hand Weapons
 o - a +1 heavy battleaxe
Armour
 n - +0 steam dragon scales
 q - a +2 troll leather armour (worn) {Pargi}
 y - a scarf of shadows (worn)
Jewellery
 c - a +6 ring of intelligence (left claw)
 d - a +6 ring of intelligence
 e - a ring of willpower (right claw)
 f - a +6 ring of intelligence
 w - a ring of willpower
Scrolls
 a - a scroll of torment
 g - 2 scrolls of amnesia
 h - a scroll of butterflies
 j - a scroll of blinking
 m - a scroll of poison
 s - 3 scrolls of teleportation
 v - 2 scrolls of noise
Potions
 b - a potion of brilliance
 i - a potion of magic
 k - 2 potions of ambrosia
 l - a potion of invisibility
 r - 2 potions of resistance
 t - 3 potions of heal wounds
 u - a potion of lignification
 x - a potion of might


   Skills:
 + Level 3.8 Fighting
 + Level 3.3 Armour
 + Level 5.3 Dodging
 + Level 0.5 Stealth
 + Level 9.9 Unarmed Combat


You had 8 spell levels left.
You didn't know any spells.
Your spell library was empty.

Dungeon Overview and Level Annotations

Branches:
Dungeon (7/15)              Sewer (visited)
 Temple: D:4-7

Altars:
Kikubaaqudgha
Nemelex Xobeh
Uskayaw


Innate Abilities, Weirdness & Mutations

You are too large for most types of armour.
You have claws for hands.
Your natural rate of healing is unusually fast.
You are covered in fur. (AC +1)
You have tough skin. (AC +1)


Message History

You mangle the killer bee!!
You kill the killer bee!
Trog accepts your kill.
You feel sick. The killer bee barely misses you. The killer bee stings you.
* * * LOW HITPOINT WARNING * * *
You are more poisoned.
The killer bee poisons you!
You feel very sick. The killer bee closely misses you.
You are too berserk!
You claw the killer bee! Your claw misses the killer bee.
The killer bee is severely wounded.
You feel sick. The killer bee misses you.
The killer bee stings you but does no damage.
You claw the killer bee!
You kill the killer bee!
Trog accepts your kill.
You feel sick. The killer bee closely misses you.
You miss the killer bee.
You feel sick. The killer bee stings you.
* * * LOW HITPOINT WARNING * * *
You claw the killer bee! Your claw misses the killer bee.
The killer bee is almost dead.
* * * LOW HITPOINT WARNING * * *
You feel sick. The killer bee closely misses you.
You mangle the killer bee!!
You kill the killer bee!
Trog accepts your kill.
* * * LOW HITPOINT WARNING * * *
You feel sick.
You are too berserk!
* * * LOW HITPOINT WARNING * * *
You feel sick.
You feel a strong urge to attack something.
You feel sick.
You are too berserk!
You are too berserk!
You are no longer berserk.
You are exhausted.
You feel yourself slow down.
You die...

###### >....# #######
####.# #.....#
#.#########.....#
#...........†>#.## #
##########..#@#..####
# #.............# #
#.##.##.##.##.# # ###
#.###.#.#.###.#
###.## #.# ##...##
#.#
##.#.#####.#####.##
#.#
#.###....(.^.....#
#.#
##.#.#####.#######
#.# ###.## #(# #.#


There were no monsters in sight!

Vanquished Creatures
  A steam dragon (D:6)
  A water moccasin (D:6)
  Pargi (Sewer)
  A black bear (D:6)
  An ice beast (D:6)
  An orc warrior (D:5)
  2 ogres (D:5)
  3 phantoms
  Blork the orc (D:6)
  2 bullfrogs (D:6)
  7 scorpions
  A brain worm (Sewer)
  4 killer bees
  A howler monkey (D:6)
  2 bombardier beetles (D:6)
  3 hounds
  2 jellies
  A sleepcap (D:5)
  2 iguanas
  3 orc wizards
  10 adders
  A dart slug (D:1)
  3 ribbon worms
  6 orcs
  7 bats
  10 endoplasms
  4 giant cockroaches
  6 goblins
  9 hobgoblins
  5 jackals
  12 kobolds
  5 quokkas
  6 ball pythons
  12 frilled lizards
  4 rats
140 creatures vanquished.

Notes
Turn   | Place    | Note
-------+----------+-------------------------------------------
     0 | D:1      | thiscave3701365 the Troll Berserker began the quest for the
                  | Orb.
     0 | D:1      | Reached XP level 1. HP: 22/22 MP: 0/0
    88 | D:1      | Reached XP level 2. HP: 29/29 MP: 1/1
   573 | D:1      | Reached XP level 3. HP: 35/36 MP: 2/2
   604 | D:1      | Reached ** piety under Trog
  1003 | D:2      | Reached XP level 4. HP: 44/44 MP: 3/3
  1297 | D:2      | Reached skill level 4 in Unarmed Combat
  1380 | D:2      | Reached *** piety under Trog
  1475 | D:3      | Noticed a scorpion
  1483 | D:3      | Killed a scorpion
  1484 | D:3      | Reached XP level 5. HP: 53/53 MP: 4/4
  1626 | D:3      | Reached skill level 5 in Unarmed Combat
  1640 | D:3      | Found an ancient bone altar of Kikubaaqudgha.
  1754 | D:3      | Found a glowing drain.
  1762 | Sewer    | Entered a sewer
  1808 | Sewer    | Reached XP level 6. HP: 46/61 MP: 2/5
  1931 | Sewer    | Noticed Pargi
  1939 | Sewer    | Killed Pargi
  1940 | Sewer    | Reached skill level 6 in Unarmed Combat
  2545 | D:4      | Reached XP level 7. HP: 67/67 MP: 6/6
  2708 | D:4      | Found a hide-covered altar of Uskayaw.
  2788 | D:4      | Reached skill level 7 in Unarmed Combat
  2800 | D:4      | You fall into a shaft and drop 1 floor!
  2800 | D:5      | Entered Level 5 of the Dungeon
  2977 | D:5      | Reached skill level 1 in Armour
  2987 | D:5      | Found a sparkling altar of Nemelex Xobeh.
  3113 | D:5      | Reached XP level 8. HP: 75/75 MP: 7/7
  3138 | D:5      | Reached skill level 8 in Unarmed Combat
  3143 | D:5      | Reached **** piety under Trog
  3754 | D:6      | Reached skill level 5 in Dodging
  3760 | D:6      | Reached skill level 9 in Unarmed Combat
  3776 | D:6      | Noticed Blork the orc
  3781 | D:6      | Killed Blork the orc
  3867 | D:6      | Reached XP level 9. HP: 73/83 MP: 8/8
  4502 | D:6      | HP: 3/126 [killer bee (4)]
  4504 | D:6      | HP: 1/126 [poisoned by a killer bee]
  4507 | D:6      | Succumbed to a killer bee's poison

Illustrated notes

Levels and vault maps discovered:
D:1:      wander_arrival_fairy_ring, layout_basic,
          chequers_serial_rivers_large_b
D:2:      layout_basic
D:3:      layout_loops_ring, kiku_gazebo_garden_becter,
          cheibrodos_sewer_entry_bend, minmay_misc_feat_ornament
D:4:      layout_cave_pools, lemuel_coloured_pillars_altar, temple_pool_b,
          hangedman_glass_garden
D:5:      layout_rooms, mainiacjoe_overflow_small_starburst,
          nicolae_nh_ransacked_shop
D:6:      layout_loops_ring, moated_statue, kennysheep_opposing_triangles,
          uniq_blork_the_orc
D:7:      layout_loops_cross, mainiacjoe_overflow_alcove_4, enter_bailey_2,
          grunt_decor_cap, grunt_potential

Skill      XL: |  1  2  3  4  5  6  7  8  9 |
---------------+----------------------------+-----
Dodging        | 3 4 5 |  5.3
Unarmed Combat | 4 5 6 7 9 |  9.9
Fighting       | 3 |  3.8
Armour         | 1 2 3 |  3.3
Stealth        | |  0.5

Action                     |  1- 3 |  4- 6 |  7- 9 || total
---------------------------+-------+-------+-------++-------
  Melee: Unarmed           |    96 |   117 |   154 ||   367
         Punch             |       |     2 |     3 ||     5
 Invoke: Berserk           |       |     2 |     3 ||     5
    Use: Scroll            |       |     2 |    18 ||    20
 Armour: Animal skin       |    42 |    47 |       ||    89
         Troll leather arm |       |    15 |   116 ||   131
  Dodge: Dodged            |    42 |    55 |    84 ||   181
